AoeStats
← vululsss

Arabian Desert

510272387Analyzed
1v1 RM · 2d ago on Sep 30, 2026· 31m 21s· 2 players
Game mode
Random Map
Map size
Tiny (2 player)
Population
200
Speed
Normal
Resources
Standard
Victory
Conquest
Starting age
Dark Age
Ending age
Imperial Age
RankedLock teamsTeams togetherTeam positionsShared explorationLock speedFull tech treeHidden civsTurbo modeCheats
Victory
Defeat
🇦🇺 Khmer · Australia
1067
+15
🇹🇼 Mongols · Taiwan
1045
-15
vululsss
8:42 Loom
8:49 Loom
12:50 Feudal Age
18:06 Castle Age
16:36 Double-Bit Axe
16:33 Horse Collar
19:38 Bow Saw
21:13 Wheelbarrow
20:24 Town Watch
24:04 Forging
24:05 Scale Barding Armor
30:13 Iron Casting
30:00 Chain Barding Armor
30:27 Fletching
trashdog
5:01 Loom
8:02 Feudal Age
13:36 Double-Bit Axe
13:36 Horse Collar
19:47 Castle Age
19:12 Scale Barding Armor
19:19 Forging
21:12 Bloodlines
21:02 Gold Mining
21:58 Husbandry
24:38 Light Cavalry
28:38 Iron Casting
29:07 Chain Barding Armor
Connection lost

Rejoining the realm…

Still unreachable

The connection could not be restored.

Session expired

The server has moved on; the page needs a fresh start.